 Dungeon Crawl Stone Soup version 0.19-a0-1855-gb7442ac (webtiles) character file.

8948 Amnesiac the Covert (level 11, 0/49 HPs)
             Began as a Deep Elf Assassin on Oct 11, 2016.
             Was an Initiate of Gozag.
             Slain by a hippogriff (7 damage)
             ... on level 1 of the Lair of Beasts.
             The game lasted 00:24:44 (12996 turns).

Amnesiac the Covert (Deep Elf Assassin)            Turns: 12996, Time: 00:24:45

Health: 0/49       AC:  7    Str:  8    XL:     11   Next: 16%
Magic:  11/11      EV: 20    Int: 19    God:    Gozag
Gold:   2127       SH: 10    Dex: 17    Spells: 0 memorised, 10 levels left

rFire  . . .     SeeInvis .     O - +5 dagger (chaos)
rCold  + + .     Gourm    .     P - +2 robe {rC+ rF+}
rNeg   . . .     Faith    .     B - +1 buckler
rPois  .         Spirit   .     o - +0 helmet
rElec  .         Dismiss  .     d - +0 cloak
rCorr  .         Reflect  .     (no gloves)
MR     +....     Harm     .     n - +0 pair of boots
Stlth  +++++.....               h - amulet of magic regeneration
                                (no ring)
                                F - ring of ice

@: gold aura
A: large bone plates 1, blurry vision 1, clever 1, clumsy 1, frail 2, low mp 1,
MP-powered wands, sturdy frame 1
a: Potion Petition, Call Merchant, Bribe Branch, Renounce Religion


You were on level 1 of the Lair of Beasts.
You worshipped Gozag.
Gozag was most pleased with you.
You were not hungry.

You visited 3 branches of the dungeon, and saw 12 of its levels.
You also visited: Ossuary.

You collected 2258 gold pieces.
You spent 30 gold pieces at shops.
You paid 101 gold pieces to Gozag.

Inventory:

Hand Weapons
 e - a +0 blowgun
 w - a +2 dagger of draining
 O - a +5 dagger of chaos (weapon)
Missiles
 b - 36 poisoned needles
 f - 2 curare-tipped needles
 s - 4 needles of paralysis
 y - 3 needles of frenzy
Armour
 d - a +0 cloak (worn)
 n - a +0 pair of boots (worn)
 o - a +0 helmet (worn)
 v - the +4 leather armour of Entitlement {Dex+2}
   (You found it on level 5 of the Dungeon)

   It affects your dexterity (+2).
 B - a +1 buckler (worn)
 P - a +2 robe of resistance (worn)
Jewellery
 h - an amulet of magic regeneration (around neck)
 j - the ring of Qias {Fire Str+5}
   (You found it on level 4 of the Dungeon)

   [ring of fire]

   It enhances your fire magic.
   It affects your strength (+5).
   It protects you from fire.
   It makes you vulnerable to cold.
 l - an uncursed ring of positive energy
 F - a ring of ice (left hand)
Wands
 z - a wand of iceblast (7/15)
 G - a wand of slowing (26/48)
 M - a wand of polymorph (14/24)
 N - a wand of confusion (25/48)
 S - a wand of teleportation (2/9)
Scrolls
 a - a scroll of enchant weapon
 k - 7 scrolls of amnesia
 q - 6 scrolls of remove curse
 t - 15 scrolls of identify
 x - 3 scrolls of recharging
 C - a scroll of teleportation
 D - 4 scrolls of magic mapping
 E - 4 scrolls of enchant armour
 H - 2 scrolls of fog
Potions
 g - a potion of curing
 m - 2 potions of brilliance
 r - a potion of agility
 K - a potion of lignification
Books
 c - a book of Maledictions

   Spells                             Type                      Level
   a - Corona                         Hexes                        1
   b - Ensorcelled Hibernation        Hexes/Ice                    2
   c - Confuse                        Hexes                        3
   d - Tukima's Dance                 Hexes                        3
   e - Dazzling Spray                 Conjuration/Hexes            3
 T - a book of Transfigurations

   Spells                             Type                      Level
   a - Irradiate                      Conjuration/Transmutation    5
   b - Statue Form                    Transmutation/Earth          6
   c - Hydra Form                     Transmutation                6
   d - Dragon Form                    Transmutation                7
 U - a book of Necromancy

   Spells                             Type                      Level
   a - Pain                           Necromancy                   1
   b - Animate Skeleton               Necromancy                   1
   c - Vampiric Draining              Necromancy                   3
   d - Regeneration                   Charms/Necromancy            3
   e - Animate Dead                   Necromancy                   4
   f - Control Undead                 Necromancy                   4
Comestibles
 i - 4 meat rations
 R - 2 bread rations


   Skills:
 + Level 4.7 Fighting
 + Level 6.8 Short Blades
 + Level 6.8 Throwing
 + Level 10.3 Dodging
 * Level 12.7 Stealth
 - Level 4.4 Shields


You had 10 spell levels left.
You didn't know any spells.

Dungeon Overview and Level Annotations

Branches:
Dungeon (10/15)            Temple (1/1) D:6            Lair (1/6) D:9
    Orc: D:9-12

Altars:
Ashenzari
Cheibriados
Dithmenos
Elyvilon
Fedhas
Gozag
Hepliaklqana
Kikubaaqudgha
Makhleb
Nemelex Xobeh
Okawaru
Qazlal
Ru
Sif Muna
Trog
Uskayaw
Vehumet
Xom
Yredelemnul
Zin
The Shining One
Jiyva

Shops:
D:8 !

Annotations:
D:10 Urug


Innate Abilities, Weirdness & Mutations

You are partially covered in large bone plates. (SH +4)
Scrolls take you a little longer to read.
Your mind is acute. (Int +2)
You are clumsy. (Dex -2)
You are very frail. (-20% HP)
Your magical capacity is low. (-10% MP)
You expend magic power (3 MP) to strengthen your wands.
Your movements are slightly less encumbered by armour. (ER -2)


Message History

The hippogriff is heavily wounded.
The hippogriff bites you. You block the hippogriff's attack.
The hippogriff barely misses you.
You hit the hippogriff.
You feel better.
The hippogriff is heavily wounded.
The hippogriff completely misses you. The hippogriff pecks you.
The hippogriff misses you.
You hit the hippogriff.
There is a sudden explosion of sparks!
The hippogriff is almost dead.
You barely miss the hippogriff.
The hippogriff is almost dead.
The hippogriff bites you. You block the hippogriff's attack.
The hippogriff claws you.
You hit the hippogriff.
The hippogriff is almost dead.
The hippogriff bites you!
* * * LOW HITPOINT WARNING * * *
The hippogriff pecks you!
You die...
Your body crumbles into a pile of gold.

#...#..#.#.#..##.
#..#.....[.......
########.P.##......#.#..
.>.......$..)..........
. #...........#..##.....
..#...##.....#.#####..#.
......#........# ###..
♣.......>..## #..
#♣..@H$.....# ##.
♣...#.....P# #.
♣.........## #.
♣....###P..# #. .....#.
##.# #. ♣♣♣... # .P# #.
#♣.. .## ## ♣.. # ##


You could see a hippogriff.

Vanquished Creatures
  Erica (D:8)
  The ghost of Shenda the Cleaver, a novice FoFi of Okawaru (D:8)
  Pikel (D:4)
  A cyclops (D:7)
  Maurice (D:8)
  Psyche (D:8)
  A rime drake (Lair:1)
  A troll (D:10)
  Grinder (D:3)
  A two-headed ogre (D:10)
  2 hippogriffs
  A spriggan (D:9)
  3 yaks
  2 hungry ghosts
  Menkaure (D:6)
  2 water moccasins
  Duvessa (D:7)
  An orc warrior (D:10)
  2 sky beasts
  A phantom (D:7)
  3 ice beasts
  4 slaves
  2 necrophages (D:9)
  3 wolves (Lair:1)
  4 ogres
  6 centaurs
  3 crocodiles (Lair:1)
  5 bullfrogs
  A wyvern zombie (D:8)
  Dowan (D:7)
  3 wights (D:7)
  A howler monkey (D:4)
  A bullfrog zombie (D:5)
  5 crimson imps
  4 jellies
  2 bullfrog skeletons
  5 hounds
  A quasit (D:5)
  An iguana (D:8)
  3 orc wizards
  8 worker ants
  A hound skeleton (D:5)
  3 mummies
  Robin (D:3)
  A gnoll (D:1)
  16 adders
  2 shadow imps (D:5)
  3 oozes (D:1)
  An adder zombie (D:6)
  5 worms
  4 dart slugs
  3 leopard geckos
  11 orcs
  A ball python (D:1)
  5 giant cockroaches
  14 goblins
  18 hobgoblins
  12 jackals
  9 quokkas
  4 bats
  6 frilled lizards
  4 gnoll skeletons (Ossuary)
  A gnoll zombie (Ossuary)
  A goblin zombie (Ossuary)
  2 hobgoblin skeletons (Ossuary)
  3 hobgoblin zombies
  10 kobolds
  A kobold skeleton (Ossuary)
  4 kobold zombies
  A leopard gecko skeleton (D:4)
  An orc skeleton (Ossuary)
  2 orc zombies
  10 rats
  A rat zombie (Ossuary)
  A spectral orc (D:4)
254 creatures vanquished.

Vanquished Creatures (others)
  3 mummies (Ossuary)
  2 gnoll zombies (Ossuary)
  3 gnoll skeletons (Ossuary)
  2 goblin skeletons (Ossuary)
  2 goblin zombies (Ossuary)
  6 hobgoblin skeletons (Ossuary)
  3 hobgoblin zombies (Ossuary)
  4 kobold zombies (Ossuary)
  5 orc skeletons (Ossuary)
  5 orc zombies (Ossuary)
  A rat skeleton (Ossuary)
  3 rat zombies (Ossuary)
39 creatures vanquished.

Grand Total: 293 creatures vanquished

Notes
Turn   | Place    | Note
-------+----------+-------------------------------------------
     0 | D:1      | Amnesiac the Deep Elf Assassin began the quest for the Orb.
     0 | D:1      | Reached XP level 1. HP: 12/12 MP: 3/3
    21 | D:1      | Reached skill level 5 in Stealth
   192 | D:1      | Reached XP level 2. HP: 11/16 MP: 4/4
   444 | D:2      | Found a deep blue altar of Sif Muna.
   487 | D:2      | Found a bloodstained altar of Trog.
   487 | D:2      | Found a shattered altar of Ashenzari.
   545 | D:2      | Reached XP level 3. HP: 14/20 MP: 5/5
  1016 | D:4      | Got a transparent steel ring
  1071 | D:4      | Found a snail-covered altar of Cheibriados.
  1082 | D:4      | Reached skill level 6 in Stealth
  1082 | D:4      | Reached XP level 4. HP: 7/25 MP: 6/6
  1289 | D:4      | Found a basalt altar of Yredelemnul.
  1368 | D:4      | Identified the ring of Qias {Fire Str+5} (You found it on level 4 of the Dungeon)
  1821 | D:4      | Reached XP level 5. HP: 19/29 MP: 7/7
  1971 | D:4      | Reached skill level 7 in Stealth
  2535 | D:5      | Entered Level 5 of the Dungeon
  2541 | D:5      | Reached XP level 6. HP: 34/34 MP: 8/8
  2603 | D:5      | Got a bloodstained leather armour
  2614 | D:5      | Identified the +4 leather armour of Entitlement {Dex+2} (You found it on level 5 of the Dungeon)
  2972 | D:5      | Reached skill level 1 in Shields
  3034 | D:5      | Reached XP level 7. HP: 37/38 MP: 9/9
  3796 | D:6      | Found a staircase to the Ecumenical Temple.
  3810 | Temple   | Entered the Ecumenical Temple
  3872 | Temple   | Became a worshipper of Gozag Ym Sagoz the Greedy
  3986 | D:6      | Noticed Pikel
  4394 | D:4      | Reached skill level 5 in Dodging
  4394 | D:4      | Reached XP level 8. HP: 33/43 MP: 10/10
  4471 | D:4      | Killed Pikel
  5868 | D:1      | Gained mutation: Your magical capacity is low. (-10% MP) [potion of mutation]
  5868 | D:1      | Gained mutation: You possess an exceptional clarity of mind. [potion of mutation]
  5868 | D:1      | Gained mutation: You are frail. (-10% HP) [potion of mutation]
  5869 | D:1      | Gained mutation: You are clumsy. (Dex -2) [potion of mutation]
  5869 | D:1      | Lost mutation: You possess an exceptional clarity of mind. [potion of mutation]
  5869 | D:1      | Gained mutation: Your mind is acute. (Int +2) [potion of mutation]
  6851 | D:3      | Noticed Robin
  6868 | D:3      | Killed Robin
  6935 | D:3      | Reached skill level 8 in Stealth
  6982 | D:3      | Found a sparkling altar of Nemelex Xobeh.
  6983 | D:3      | Noticed Grinder
  6993 | D:3      | Killed Grinder
  6993 | D:3      | Reached XP level 9. HP: 20/43 MP: 10/10
  7280 | D:6      | Noticed Menkaure
  7292 | D:6      | Killed Menkaure
  7559 | D:7      | Noticed Duvessa
  7577 | D:7      | Killed Duvessa
  7578 | D:7      | Noticed Dowan
  7602 | D:7      | Found a sand-covered staircase.
  7647 | Ossuary  | Entered an ossuary
  8313 | Ossuary  | Gained mutation: You are very frail. (-20% HP) [potion of mutation]
  8361 | D:7      | Paralysed by fainting for 6 turns
  8388 | D:7      | Killed Dowan
  8388 | D:7      | Reached skill level 9 in Stealth
  8482 | D:7      | Gained mutation: You are partially covered in large bone plates. (SH +4) [potion of mutation]
  8482 | D:7      | Gained mutation: Your movements are slightly less encumbered by armour. (ER -2) [potion of mutation]
  8482 | D:7      | Gained mutation: Scrolls take you a little longer to read. [potion of mutation]
  8742 | D:7      | Found a stormy altar of Qazlal.
  8769 | D:7      | Found a shadowy altar of Dithmenos.
  8938 | D:7      | Reached skill level 5 in Throwing
  9043 | D:7      | Noticed a cyclops
  9057 | D:7      | Killed a cyclops
  9057 | D:7      | Reached skill level 5 in Short Blades
  9057 | D:7      | Reached skill level 10 in Stealth
  9200 | D:8      | Noticed Psyche
  9222 | D:8      | Killed Psyche
  9222 | D:8      | Reached XP level 10. HP: 31/44 MP: 11/11
  9389 | D:8      | Noticed Maurice
  9422 | D:8      | Killed Maurice
  9647 | D:8      | Found Efitiy's Distillery.
  9655 | D:8      | Bought a potion of mutation for 30 gold pieces
  9655 | D:8      | Gained mutation: You expend magic power (3 MP) to strengthen your wands. [potion of mutation]
  9655 | D:8      | Lost mutation: You are clumsy. (Dex -2) [potion of mutation]
  9655 | D:8      | Gained mutation: You are clumsy. (Dex -2) [potion of mutation]
  9762 | D:8      | Noticed Shenda's ghost (novice FoFi)
  9835 | D:8      | Killed Shenda's ghost
  9835 | D:8      | Reached skill level 11 in Stealth
 10011 | D:8      | Noticed Erica
 10023 | D:8      | Killed Erica
 10462 | D:9      | Found a staircase to the Lair.
 10497 | D:9      | Found a sacrificial altar of Ru.
 10728 | D:9      | Found a glowing silver altar of Zin.
 10862 | D:9      | Reached skill level 10 in Dodging
 10869 | D:10     | Entered Level 10 of the Dungeon
 11022 | D:10     | Reached skill level 12 in Stealth
 11037 | D:10     | HP: 1/46 [orc warrior/short sword (9)]
 11517 | D:10     | HP: 1/46 [yak (16)]
 11921 | D:10     | Reached XP level 11. HP: 49/49 MP: 11/11
 11988 | D:10     | Noticed Urug
 12085 | D:10     | Noticed a hill giant
 12405 | Lair:1   | Entered Level 1 of the Lair of Beasts
 12471 | Lair:1   | HP: 1/49 [wolf (11)]
 12996 | Lair:1   | Slain by a hippogriff

Vault maps used:
D:1:      erik_arrival_gehennom
D:2:      nicolae_overflow_hidden_temple, gammafunk_temple_overflow_elements
D:3:      nemelex_xobeh_ov_fountains_minmay, first_bread, st_stairs_7,
          uniq_robin, uniq_grinder
D:4:      yredelemnul_forgotten_temple_becter, kennysheep_slug_shrine,
          minmay_mini_ossuary
D:6:      serial_curves, eino_curves_03, eino_curves_03, uniq_menkaure,
          uniq_pikel
D:7:      nicolae_dithmenos_the_darkroom, kennysheep_little_box,
          nicolae_ossuary_entry_giza, uniq_duvessa
D:8:      serial_shops, shop_fountains, uniq_maurice, uniq_psyche, uniq_erica
D:9:      zin_treasury, lemuel_doored_altar, lair_0_dummy, the_bakery
D:10:     uniq_urug
Temple:   pf_slimified_temple
Lair:1:   minmay_lair_oklob_items, minmay_stone_trees_medium
Ossuary:  ossuary_due_pyramid

Skill      XL: |  1  2  3  4  5  6  7  8  9 10 |
---------------+-------------------------------+-----
Stealth        | 5 6 7 8 10 12 | 12.7
Throwing       | 3 4 5 6 |  6.8
Short Blades   | 3 4 5 6 |  6.8
Shields        | 2 4 |  4.4
Dodging        | 5 8 9 10 | 10.3
Fighting       | 2 3 4 |  4.7

Action                   |  1- 3 |  4- 6 |  7- 9 | 10-12 || total
-------------------------+-------+-------+-------+-------++-------
Melee: Dagger            |    74 |    88 |   705 |   356 ||  1223
       Great sword       |       |    23 |     4 |       ||    27
 Fire: Blowgun           |     8 |    11 |    32 |       ||    51
  Use: Scroll            |     1 |       |     6 |     9 ||    16
       Potion            |       |     1 |    10 |     7 ||    18
 Stab: Sleeping          |    10 |     9 |    37 |    12 ||    68
       Distracted        |       |     1 |     5 |     4 ||    10
       Paralysed         |       |       |     5 |     2 ||     7
       Confused          |       |       |       |     1 ||     1
       Petrified         |       |       |       |     1 ||     1
  Eat: Chunk             |       |     7 |     3 |       ||    10
       Fruit             |       |       |     3 |       ||     3
       Bread ration      |       |       |     3 |     3 ||     6
       Meat ration       |       |       |     2 |       ||     2
       Pizza             |       |       |       |     1 ||     1
Armor: Robe              |     8 |     8 |       |    28 ||    44
       Skin              |       |     1 |     2 |       ||     3
       Leather armour    |       |    14 |   141 |       ||   155
Dodge: Dodged            |    38 |    57 |   319 |   162 ||   576
Block: Buckler           |       |       |   170 |   107 ||   277
       Rpst.: Great sword |       |     7 |     2 |       ||     9
